 Dungeon Crawl Stone Soup version 0.23-a0-650-ga4d50d4 (webtiles) character file.

0 Amnesiac the Ducker (level 1, -3/9 HPs)
             Began as a Spriggan Transmuter on Jan 2, 2019.
             Killed from afar by a dart slug (5 damage)
             ... with a slug dart
             ... on level 2 of the Dungeon.
             The game lasted 00:01:02 (243 turns).

Amnesiac the Ducker (Spriggan Transmuter)            Turns: 243, Time: 00:01:03

Health: -3/9       AC:  2    Str:  6    XL:     1   Next: 8%
Magic:  5/5        EV: 18    Int: 14    God:
Gold:   6          SH:  0    Dex: 16    Spells: 4/5 levels left

rFire    . . .     SeeInvis +     - Unarmed
rCold    . . .     Gourm    .   (shield restricted)
rNeg     . . .     Faith    .   b - +0 robe
rPois    .         Spirit   .   (helmet restricted)
rElec    .         Reflect  .   (no cloak)
rCorr    .         Harm     .   (gloves unavailable)
MR       .....                  (boots unavailable)
Stlth    +.........             (no amulet)
HPRegen  0.03/turn              (no ring)
MPRegen  0.09/turn              (no ring)

@: very slightly contaminated, very quick
A: very small, unfitting armour, see invisible, herbivore, speed 3, slow
metabolism 2
a: no special abilities


You were on level 2 of the Dungeon.
You were not hungry.

You visited 1 branch of the dungeon, and saw 3 of its levels.

You collected 6 gold pieces.

Inventory:

Missiles
 a - 31 arrows
Armour
 b - a +0 robe (worn)
Scrolls
 c - a scroll of identify {!r, unknown}
Comestibles
 d - a ration


   Skills:
 + Level 0.7 Fighting
 + Level 3.0 Dodging
 - Level 2.4 Unarmed Combat
 + Level 2.7 Spellcasting
 * Level 2.7 Transmutations


You had 4 spell levels left.
You knew the following spells:

 Your Spells              Type           Power        Failure   Level  Hunger
a - Beastly Appendage     Tmut           #.....       8%          1    #......

Your spell library contained the following spells:

 Spells                   Type           Power        Failure   Level  Hunger
 Sticks to Snakes         Tmut           #.......     11%         2    ###....
 Spider Form              Tmut/Pois      #.........   36%         3    ###....
 Ice Form                 Ice/Tmut       #.......     77%         4    #####..
 Blade Hands              Tmut           #.........   90%         5    ######.


Dungeon Overview and Level Annotations

Branches:
Dungeon (3/15)

Altars:

Annotations:
D:1 1 runed door


Innate Abilities, Weirdness & Mutations

You are very small and have problems with some larger weapons.
You are too small for most types of armour.
You have supernaturally acute eyesight. (SInv)
You are a herbivore.
You cover ground extremely quickly.
You need to consume almost no food.


Message History

You now have 2 gold pieces.
There is a stone staircase leading down here.
You climb downwards.
There is a stone staircase leading up here.
Found 19 arrows.
a - 31 arrows (gained 19)
f - a scroll labeled FEIROP USHRITEA {!r} You open the door.
There is an open door here.
You open the door.
A frilled lizard comes into view.
There is an open door here.
Casting: Beastly Appendage (safe; 8% risk of failure)
Confirm with . or Enter, or press ? or * to list all spells.
Your feet morph into talons.
The frilled lizard closely misses you.
You hit the frilled lizard.
You kill the frilled lizard!
Your transformation is almost over.
Magic restored.
You now have 6 gold pieces (gained 4).
You open the door.
A gnoll comes into view. It is wielding a +0 flail.
Your talons disappear.
A gnoll is nearby!
A gnoll is nearby!
There is a stone staircase leading up here.
You climb upwards.
The jackal barely misses you. The jackal bites you.
The jackal barely misses you. The jackal closely misses you.
The jackal barely misses you. x2
There is a stone staircase leading down here.
The jackal bites you. The jackal completely misses you. x2
The jackal bites you.
* * * LOW HITPOINT WARNING * * *
You climb downwards.
There is a stone staircase leading up here.
Okay, then.
You aren't carrying any potions.
Really read
f - a scroll labeled FEIROP USHRITEA {!r}?
As you read the scroll labeled FEIROP USHRITEA {!r}, it crumbles to dust.
The scroll dissolves into smoke.
It was a scroll of fog {!r}.
The jackal completely misses you. The jackal closely misses you.
The jackal barely misses you. The jackal bites you.
* * * LOW HITPOINT WARNING * * *
The jackal barely misses you.
You aren't carrying any potions.
Really read
e - a scroll labeled QELLUI BAET {!r}? [Y]es or [N]o only, please.
Really read
e - a scroll labeled QELLUI BAET {!r}?
Blink to where?
Press: ? - help, Dir - move target cursor You are very lightly contaminated with residual magic.
As you read the scroll labeled QELLUI BAET {!r}, it crumbles to dust.
It was a scroll of blinking {!r}.
The jackal misses you.
There is a stone staircase leading up here.
You climb upwards.
The goblin shouts!
The frilled lizard closely misses you. The frilled lizard misses you.
There is a stone staircase leading down here.
The ball python barely misses you. The ball python closely misses you.
The dart slug launches a dart at you. The slug dart hits you!
Ouch! That really hurt!
You die...

#.# #####........##### #.#
#.................
.####.##########.................
.................................
..g..............# #.............
.................###........#
.....>......S.r......w......#####
..........l......................
..####..........@###...(.....h...
. .....########### #.............
..###+# #...........S.
#.)..##.......# .....##.......#
..############## ♣


You could see a dart slug, a ball python, a frilled lizard and a rat.

Vanquished Creatures
  A frilled lizard (D:3)
1 creature vanquished.

Notes
Turn   | Place    | Note
-------+----------+-------------------------------------------
     0 | D:1      | Amnesiac the Spriggan Transmuter began the quest for the
                  | Orb.
     0 | D:1      | Reached XP level 1. HP: 9/9 MP: 5/5
     1 | D:1      | Found a runed door.
   243 | D:2      | Killed from afar by a dart slug

Vault maps used:
D:1:      dpeg_arrival_caged_fury, serial_rivers,
          chequers_serial_rivers_micro_e, chequers_serial_rivers_micro_b,
          chequers_serial_rivers_small_a, chequers_serial_rivers_large_a,
          chequers_serial_rivers_small_a, chequers_serial_rivers_micro_e,
          minmay_misc_feat_encased
D:2:      chequers_ecumenical_altar_twisty, nemelex_diamond_rough_becter,
          uniq_crazy_yiuf_cottage

Action                   || total
-------------------------++-------
Melee: Unarmed           ||     1
 Cast: Beastly Appendage ||     1
  Use: Scroll            ||     2
Dodge: Dodged            ||    17

Table legend:
 A = Non-vault XP
 B = Vault XP
 C = Vault XP percentage of total XP
 D = Non-vault monster count
 E = Vault monster count
 F = Vault count percentage of total count
                 A         B        C        D         E       F
            +---------+---------+-------+---------+---------+-------
      Total |       1 |       0 |   0.0 |       1 |       0 |   0.0
            +---------+---------+-------+---------+---------+-------
        D:3 |       1 |       0 |   0.0 |       1 |       0 |   0.0
            +---------+---------+-------+---------+---------+-------
